 Dungeon Crawl Stone Soup version 0.30.0 (webtiles) character file.

Game seed: 1301787352430135083

34 Jonnyslop the Insei (level 3, -1/23 HPs)
             Began as an Octopode Transmuter on Jan 3, 2024.
             Slain by a quokka (2 damage)
             ... on level 2 of the Dungeon.
             The game lasted 00:02:51 (1211 turns).

Jonnyslop the Insei (Octopode Transmuter)           Turns: 1211, Time: 00:02:52

Health: -1/23      AC:  1    Str:  9    XL:     3   Next: 31%
Magic:  6/6        EV: 10    Int: 17    God:
Gold:   8          SH:  0    Dex: 12    Spells: 0/6 levels left

rFire   . .          .
                       - Unarmed
rCold   . . .        (no shield)
rNeg    . . .        (helmet currently unavailable)
rPois   .            (no amulet)
rElec   .            (no ring)
rCorr   .            (no ring)
SInv    .            (no ring)
Will    .....        (no ring)
Stlth   ++           (no ring)
HPRegen 0.23/turn    (no ring)
MPRegen 0.10/turn    (no ring)
                     (no ring)

%: no passive effects
@: appendages, constricted
A: tentacle spike 3, almost no armour, amphibious, 8 rings, camouflage 1,
gelatinous body 1, (nimble swimmer 1), tentacles
a: End Transformation


You were on level 2 of the Dungeon.
One of your tentacles had grown a beastly spike.
You visited 1 branch of the dungeon, and saw 2 of its levels.

You collected 8 gold pieces.

Inventory:

Scrolls
 f - a scroll of teleportation
Potions
 a - a potion of lignification
 d - a potion of flight
 e - a potion of attraction


   Skills:
 + Level 1.5 Fighting
 + Level 2.3 Dodging
 + Level 3.2 Unarmed Combat
 + Level 2.3 Spellcasting
 + Level 2.4 Transmutations


You couldn't memorise any spells.
You knew the following spells:

 Your Spells              Type           Power      Damage    Failure   Level
a - Beastly Appendage     Tmut           20%        N/A       7%          1
b - Wereblood             Tmut           10%        N/A       11%         2
c - Spider Form           Tmut/Pois      6%         N/A       34%         3

Your spell library contained the following spells:

 Spells                   Type           Power      Damage    Failure   Level
 Slow                     Hex            4%         N/A       19%         1
 Confusing Touch          Hex            1%         N/A       50%         3
 Vampiric Draining        Necr           1%         2d6       50%         3
 Ice Form                 Ice/Tmut       6%         N/A       75%         4


Dungeon Overview and Level Annotations

Branches:
Dungeon (2/15)

Altars:


Innate Abilities, Weirdness & Mutations

One of your tentacles has grown a beastly spike.
You cannot wear most types of armour.
You are amphibious.
You can wear up to eight rings at the same time.
Your skin changes colour to match your surroundings (Stealth+).
Your rubbery body absorbs attacks. (AC +1, EV +1)
((You are camouflaged when in or above water. (Stealth+)))
You have tentacles for arms and can constrict up to eight enemies at once.


Message History

You constrict the adder. The ball python closely misses you. x2
The adder barely misses you.
You tentacle-slap the adder but do no damage.
The adder is heavily wounded.
You constrict the adder. The adder barely misses you.
The ball python barely misses you. The ball python grabs you.
The ball python constricts you.
You barely miss the ball python. Your grab misses the ball python.
You constrict the adder, but do no damage.
The adder bites you. The ball python bites you. The ball python constricts you.
You closely miss the ball python. Your grab misses the ball python.
Your squeeze misses the ball python. You constrict the adder.
The adder bites you. The ball python bites you. The ball python constricts you.
The adder misses you.
You are too injured to fight recklessly!
You are too injured to fight recklessly!
You are too injured to fight recklessly!
You are too injured to fight recklessly!
You are too injured to fight recklessly!
You are too injured to fight recklessly!
You are too injured to fight recklessly!
You are too injured to fight recklessly!
You are too injured to fight recklessly!
You are too injured to fight recklessly!
You are too injured to fight recklessly!
You are too injured to fight recklessly!
You tentacle-slap the adder.
You pierce the adder.
The adder is almost dead.
You constrict the adder.
You kill the adder!
The ball python bites you.
* * * LOW HITPOINT WARNING * * *
The ball python constricts you.
The quokka bites you but does no damage.
The ball python bites you.
* * * LOW HITPOINT WARNING * * *
The ball python constricts you.
* * * LOW HITPOINT WARNING * * *
The quokka bites you.
You die...

##########
#.........
#.........
#.........
#.........
#.########.........
#..)...<...@.......
#######.##.Sr......
.r.##.........
##..#....#.#...
....$.........
......##.#.#.##
.....#. .#.#.#
#.....#. .# # #


You could see a quokka and a ball python.

Vanquished Creatures
  An adder (D:2)
  A dart slug (D:1)
  A ball python (D:1)
  4 bats (D:1)
  5 endoplasms
  6 hobgoblins (D:1)
  3 goblins (D:1)
  6 kobolds
  A rat (D:1)
28 creatures vanquished.

Notes
Turn   | Place    | Note
-------+----------+-------------------------------------------
     0 | D:1      | Jonnyslop the Octopode Transmuter began the quest for the
                  | Orb.
     0 | D:1      | Reached XP level 1. HP: 13/13 MP: 3/3
   196 | D:1      | Reached XP level 2. HP: 18/18 MP: 3/5
   521 | D:1      | Reached XP level 3. HP: 16/23 MP: 6/6
   974 | D:1      | Learned a level 2 spell: Wereblood
   978 | D:1      | Learned a level 3 spell: Spider Form
  1211 | D:2      | HP: 1/23 [constriction (1)]
  1211 | D:2      | Slain by a quokka

Illustrated notes

Levels and vault maps discovered:
D:1:      matt_arrival_refuge, layout_loops_ring
D:2:      layout_basic

Action                     || total
---------------------------++-------
  Melee: Unarmed           ||    65
         Tentacles         ||    10
         Kick              ||    13
         Constrict         ||    14
         Punch             ||     1
   Cast: Beastly Appendage ||    18
    Use: Scroll            ||     5
   Stab: Sleeping          ||     3
 Armour: Skin              ||     7
  Dodge: Dodged            ||    39
